 Dungeon Crawl Stone Soup version 0.28.0-43-g3370ac3207 (webtiles) character file.

Game seed: 15999517281365890141

2130 demenzo the Basher (level 9, 0/127 HPs)
             Began as a Naga Fighter on Mar 14, 2022.
             Was a Follower of Okawaru.
             Slain by a gargoyle
             ... wielding a +0 mace
              (8 damage)
             ... in a bailey.
             The game lasted 00:11:01 (9161 turns).

demenzo the Basher (Naga Fighter)                   Turns: 9161, Time: 00:11:02

Health: 0/127      AC: 25    Str: 18    XL:     9   Next: 30%
Magic:  7/9        EV:  4    Int: 12    God:    Okawaru [*.....]
Gold:   437        SH: 11    Dex: 15    Spells: 8/8 levels left

rFire   . . .      SeeInvis +   I - +0 flail (protect)
rCold   . . .      Faith    .   E - +0 kite shield
rNeg    . . .      Spirit   .   p - +0 plate armour
rPois   +          Reflect  .   f - +2 helmet {Int+3}
rElec   .          Harm     .   F - +0 cloak
rCorr   .          Rampage  .   j - +0 pair of gloves
Will    ++...                   (no barding)
Stlth   ..........              (no amulet)
HPRegen 0.31/turn               i - ring of willpower
MPRegen 0.11/turn               (no ring)

@: berserking, heroic, under a protective aura, quick
A: AC +3, large, see invisible, deformed body, poison resistance, slowness 2,
spit poison 1, naga tail 1
a: Spit Poison, Renounce Religion, Heroism


You were in a bailey.
You worshipped Okawaru.
Okawaru was aware of your devotion.
You visited 2 branches of the dungeon, and saw 9 of its levels.
You also visited: Sewer and Bailey.

You collected 437 gold pieces.

Inventory:

Hand Weapons
 a - a +1 whip of electrocution
 b - a +4 dagger of venom
 q - a +0 hunting sling
 I - a +0 flail of protection (weapon)
 M - a +0 hand crossbow
Missiles
 l - 9 poisoned darts
 m - 181 stones
 u - 2 boomerangs
 x - 73 sling bullets
 y - 131 bolts
 J - a throwing net
 N - a curare-tipped dart
Armour
 c - a +0 buckler
 f - a +2 helmet of intelligence (worn)
 j - a +0 pair of gloves (worn)
 p - a +0 plate armour (worn)
 E - a +0 kite shield (worn)
 F - a +0 cloak (worn)
Jewellery
 i - a ring of willpower (left hand)
 G - an amulet of magic regeneration
Wands
 H - a wand of iceblast (5)
Scrolls
 g - 2 scrolls of teleportation
 h - 5 scrolls of amnesia
 k - a scroll of noise
 o - a scroll of enchant weapon
 r - a scroll of enchant armour {unknown}
 K - a scroll of fog
Potions
 d - a potion of might
 e - a potion of resistance {unknown}
 n - 3 potions of mutation
 s - 2 potions of attraction
 v - a potion of degeneration {unknown}
 z - 2 potions of berserk rage
 A - 2 potions of flight
 B - a potion of cancellation {unknown}
 C - 2 potions of curing
 D - a potion of heal wounds {unknown}


   Skills:
 + Level 6.5(11.5) Fighting
 * Level 8.4(13.4) Maces & Flails
 + Level 4.7(9.7) Armour
 + Level 4.3(9.3) Shields


You had 8 spell levels left.
You didn't know any spells.
Your spell library contained the following spells:

 Spells                   Type           Power      Damage    Failure   Level
 Stone Arrow              Conj/Erth      0%         3d7       100%        3
 Lehudib's Crystal Spear  Conj/Erth      0%         10d2      100%        8
 Animate Armour           Summ/Erth      Unusable   N/A       N/A         4

Dungeon Overview and Level Annotations

Branches:
Dungeon (8/15)             Temple (1/1) D:6           Sewer (visited)
 Bailey (1/1)
   Lair: D:8-11

Altars:
Ashenzari
Cheibriados
Dithmenos
Elyvilon
Fedhas
Kikubaaqudgha
Makhleb
Nemelex Xobeh
Okawaru
Qazlal
Sif Muna
Uskayaw
Vehumet
Xom
Yredelemnul
The Shining One


Innate Abilities, Weirdness & Mutations

Your serpentine skin is tough. (AC +3)
You have supernaturally acute eyesight. (SInv)
Armour fits poorly on your strangely shaped body.
Your system is resistant to poisons. (rPois)
You cover ground very slowly.
You can spit poison.
You have a snake-like lower body.


Message History

You hit the gargoyle but do no damage.
The gargoyle is moderately damaged.
The gargoyle hits you but does no damage.
The gargoyle hurls a stone arrow at you.
The stone arrow hits you!
You hit the gargoyle but do no damage.
The gargoyle is moderately damaged.
The gargoyle hits you but does no damage.
You hit the gargoyle but do no damage.
The gargoyle is moderately damaged.
The gargoyle hurls a stone arrow at you.
The stone arrow hits you.
* * * LOW HITPOINT WARNING * * *
You barely miss the gargoyle.
The gargoyle is lightly damaged.
The gargoyle hurls a stone arrow at you.
The stone arrow hits you.
* * * LOW HITPOINT WARNING * * *
You hit the gargoyle but do no damage.
The gargoyle is lightly damaged.
The gargoyle hurls a stone arrow at you.
You block the stone arrow.
Unknown command.
You gain the combat prowess of a mighty hero.
The gargoyle hits you with a +0 mace.
* * * LOW HITPOINT WARNING * * *
You hit the gargoyle but do no damage.
The gargoyle is lightly damaged.
The gargoyle hits you with a +0 mace.
* * * LOW HITPOINT WARNING * * *
You hit the gargoyle but do no damage.
The gargoyle is lightly damaged.
The gargoyle hurls a stone arrow at you.
The stone arrow hits you!
* * * LOW HITPOINT WARNING * * *
Unknown command.
A red film seems to cover your vision as you go berserk!
You feel yourself moving faster!
You feel mighty! The gargoyle hits you with a +0 mace!
You die...

+..#.......##+
+..#..........
#..#...♣..♣...
##..#..........
##...#.....♣..♣.
###....##..)......
#8......##......♣.
#...##...##.......
#@.##....#........
#9.#....##........
#..#...##........♣
#..#......######..
#..#......# #..
#8.#8.....# #..
########++# #..
+.. ###


You could see a gargoyle.

Vanquished Creatures
  A wyvern (D:8)
  2 water moccasins
  A sky beast (D:5)
  A centaur (D:5)
  5 ogres
  A kobold brigand (D:7)
  A bullfrog (D:8)
  A scorpion (D:7)
  A wyvern zombie (D:8)
  A howler monkey (D:4)
  A centaur zombie (D:7)
  A bullfrog zombie (D:6)
  A jelly (D:8)
  A hound (D:4)
  6 orc priests
  A gnoll shaman (D:5)
  2 centaur skeletons
  3 iguanas
  6 orc wizards
  A hound skeleton (D:4)
  8 gnolls
  4 adders
  A shadow imp (D:7)
  A white imp (D:6)
  3 ufetubi
  An adder zombie (D:5)
  2 dart slugs
  15 orcs
  6 ball pythons
  9 endoplasms
  5 giant cockroaches (D:4)
  14 goblins
  13 hobgoblins
  2 jackals (D:5)
  9 kobolds
  5 quokkas
  3 bats (Sewer)
  2 frilled lizards (D:3)
  6 orc zombies (Bailey)
  13 rats
160 creatures vanquished.

Vanquished Creatures (others)
  A goblin (D:8)
  A plant (D:5)
2 creatures vanquished.

Grand Total: 162 creatures vanquished

Notes
Turn   | Place    | Note
-------+----------+-------------------------------------------
     0 | D:1      | demenzo the Naga Fighter began the quest for the Orb.
     0 | D:1      | Reached XP level 1. HP: 21/21 MP: 1/1
   175 | D:1      | Reached XP level 2. HP: 17/28 MP: 2/2
   698 | D:1      | Reached XP level 3. HP: 33/34 MP: 3/3
  1483 | D:2      | Reached skill level 3 in Maces & Flails
  1559 | D:2      | Reached XP level 4. HP: 42/42 MP: 4/4
  2450 | D:3      | Reached XP level 5. HP: 48/50 MP: 5/5
  2621 | D:3      | Found a faded altar of an unknown god.
  3086 | D:4      | Reached skill level 4 in Maces & Flails
  3098 | D:4      | Found a glowing drain.
  3123 | Sewer    | Entered a sewer
  3181 | Sewer    | Noticed a water moccasin
  3198 | Sewer    | Killed a water moccasin
  3199 | Sewer    | Reached XP level 6. HP: 32/58 MP: 6/6
  3371 | D:4      | Reached skill level 5 in Maces & Flails
  3945 | D:5      | Entered Level 5 of the Dungeon
  4078 | D:5      | Noticed a sky beast
  4087 | D:5      | Killed a sky beast
  4088 | D:5      | Reached XP level 7. HP: 66/66 MP: 7/7
  4275 | D:5      | Reached skill level 5 in Fighting
  4822 | D:5      | Reached skill level 6 in Maces & Flails
  5477 | D:6      | Reached XP level 8. HP: 39/75 MP: 8/8
  6119 | D:6      | Found a staircase to the Ecumenical Temple.
  6199 | D:6      | Reached skill level 7 in Maces & Flails
  6222 | Temple   | Entered the Ecumenical Temple
  6537 | Temple   | Became a worshipper of Warmaster Okawaru
  7783 | D:7      | Reached XP level 9. HP: 16/82 MP: 9/9
  8418 | D:8      | Reached * piety under Okawaru
  8419 | D:8      | Reached skill level 8 in Maces & Flails
  8606 | D:8      | Found a flagged portal.
  8631 | Bailey   | Entered a bailey
  9131 | Bailey   | Noticed a gargoyle
  9161 | Bailey   | Slain by a gargoyle

Illustrated notes

Levels and vault maps discovered:
D:1:      nagdon_arrival_zigzag_paths, layout_basic
D:2:      layout_loops_ring, hangedman_decor_push, kennysheep_cross_room,
          minmay_small_reverse_x
D:3:      layout_loops_ring, basic_ecumenical_altar, minmay_misc_feat_rugged,
          columned_hall_lemuel
D:4:      layout_basic, portal_sewer_entry_f
D:5:      corexii_shack_village, layout_basic
D:6:      layout_loops_cross, minmay_temple_entry_statues_pillars
D:7:      layout_loops_corners
D:8:      layout_loops_ring, enter_bailey_5, serial_rivers,
          chequers_serial_rivers_micro_a, chequers_serial_rivers_small_a,
          chequers_serial_rivers_micro_c, chequers_serial_rivers_small_b,
          hangedman_decor_points, minmay_holes
Temple:   mainiacjoe_temple_trianglar_array
Bailey:   bailey_polearm_vampire_castle_hellmonk, bailey

Skill      XL: |  1  2  3  4  5  6  7  8  9 |
---------------+----------------------------+-----
Maces & Flails | 3 4 5 6 7 8 |  8.4
Armour         | 3 4 |  4.7
Shields        | 3 4 |  4.3
Fighting       | 4 5 6 |  6.5

Action                   |  1- 3 |  4- 6 |  7- 9 || total
-------------------------+-------+-------+-------++-------
Melee: Flail             |    55 |       |    29 ||    84
       Dagger            |    48 |   174 |   110 ||   332
       Whip              |       |       |   180 ||   180
Invok: Heroism           |       |       |     2 ||     2
 Abil: Spit Poison       |       |       |     2 ||     2
  Use: Scroll            |       |       |    15 ||    15
       Potion            |       |       |     3 ||     3
 Stab: Invisible         |       |       |     1 ||     1
Armor: Scale mail        |    34 |       |       ||    34
       Plate armour      |     3 |   111 |   163 ||   277
Dodge: Dodged            |    25 |    24 |    26 ||    75
Block: Buckler           |    16 |    39 |    13 ||    68
       Kite shield       |       |       |   119 ||   119
